 Dungeon Crawl Stone Soup version 0.18-a0-1292-ge8ad84c (webtiles) character file.

25 Krapule the Vexing (level 2, 0/11 HPs)
             Began as a Felid Enchanter on Feb 9, 2016.
             Slain by a jackal (2 damage)
             ... on level 1 of the Dungeon.
             The game lasted 00:02:16 (528 turns).

Krapule the Vexing (Felid Enchanter)                 Turns: 528, Time: 00:02:17

Health: 0/11       AC:  1    Str:  4    XL:     2   Next: 82%
Magic:  6/6        EV: 18    Int: 16    God:
Gold:   45         SH:  0    Dex: 16    Spells: 1 memorised, 4 levels left
                                        Lives:  0   Deaths: 0

rFire  . . .     SeeInvis +       - Unarmed
rCold  . . .     Gourm    .     (armour unavailable)
rNeg   . . .     Faith    .     (shield unavailable)
rPois  .         Spirit   .     (helmet unavailable)
rElec  .         Dismiss  .     (cloak unavailable)
rCorr  .         Reflect  .     (gloves unavailable)
SustAt .         Harm     .     (boots unavailable)
MR     .....                    (no amulet)
Stlth  +++.......               (no ring)
                                (no ring)

@: quick, not resistant to hostile enchantments, fairly stealthy
A: no armour, no weapons or thrown items, claws 1, fangs 3, see invisible,
carnivore 3, speed 1, shaggy fur 1, slow metabolism 1, sharp paws
a: no special abilities


You were on level 1 of the Dungeon.
You were not hungry.

You visited 1 branch of the dungeon, and saw 1 of its levels.

You collected 45 gold pieces.

Inventory:

Scrolls
 d - a scroll of identify {unknown}
 e - a scroll of enchant weapon {unknown}
 f - 2 scrolls of remove curse {unknown}
Potions
 c - a potion of curing {unknown}
Books
 a - a book of Maledictions

   Spells                             Type                      Level
   a - Corona                         Hexes                        1
   b - Ensorcelled Hibernation        Hexes/Ice                    2
   c - Confuse                        Hexes                        3
   d - Tukima's Dance                 Hexes                        3
   e - Dazzling Spray                 Conjuration/Hexes            3
Comestibles
 b - a meat ration


   Skills:
 + Level 3.1 Dodging
 + Level 4.4 Stealth
 + Level 1.4 Unarmed Combat
 + Level 2.1 Spellcasting
 + Level 4.9 Hexes


You had 4 spell levels left.
You knew the following spells:

 Your Spells              Type           Power        Failure   Level  Hunger
a - Corona                Hex            ###....      3%          1    #......


Dungeon Overview and Level Annotations

Branches:
Dungeon (1/15)

Altars:


Innate Abilities, Weirdness & Mutations

You cannot wear armour.
You are incapable of wielding weapons or throwing items.
You have sharp claws.
You have razor-sharp teeth.
You have supernaturally acute eyesight.
You are carnivorous and can eat meat at any time.
You cover ground quickly.
You are covered in fur (AC +1).
You have a slow metabolism.
Your sharp claws are effective at attacking unaware monsters.


Message History

You miss the bat. The bat closely misses you.
You barely miss the bat. The bat completely misses you.
You closely miss the jackal. You bite the jackal, but do no damage.
The jackal bites you.
* * * LOW HITPOINT WARNING * * *
The jackal closely misses you.
You scratch the jackal.
The jackal is severely wounded.
The jackal closely misses you.
You scratch the jackal.
The jackal is almost dead.
The jackal closely misses you.
You barely miss the jackal.
The jackal is almost dead.
The jackal stops to sniff the ground.
The jackal completely misses you. The jackal barely misses you.
You closely miss the jackal. Your bite misses the jackal.
The jackal is almost dead.
The jackal bites you.
You die...

............
†....####### .....#
# ###+##############
.#
..................
..+
###...(.(..####.##
...# ########.# #.#
....#
#.####.####+##....##
#......@hb..........
######.##K..........
###+###
#.##...........
#.....#####
#.##...........
#.....#...#
#.......#######
+..8..'.<.#
#.####..# #.†.#
#.....#...# #.# #..#
#...#####
#.....#######.##
#..# #........
#####'#######....
#........


You could see a jackal, a bat and a kobold.

Vanquished Creatures
  2 giant geckos (D:1)
  4 giant cockroaches (D:1)
  A goblin (D:1)
  A hobgoblin (D:1)
  2 jackals (D:1)
  5 bats (D:1)
  A giant newt (D:1)
  A kobold (D:1)
  5 rats (D:1)
22 creatures vanquished.

Notes
Turn   | Place    | Note
--------------------------------------------------------------
     0 | D:1      | Krapule the Felid Enchanter began the quest for the Orb.
     0 | D:1      | Reached XP level 1. HP: 7/7 MP: 4/4
   120 | D:1      | Reached XP level 2. HP: 11/11 MP: 6/6
   528 | D:1      | Slain by a jackal

Vault maps used:
D:1:      minmay_arrival_stair_chambers, minivault_24

Action                   || total
-------------------------++-------
Melee: Unarmed           ||    63
 Stab: Sleeping          ||     9
